 Dungeon Crawl Stone Soup version 0.13.1-27-ga479965 (webtiles) character file.

1859 Chiseanne the Ducker (level 9, -5/64 HPs)
             Began as a Merfolk Wanderer on Jan 28, 2014.
             Was a Follower of Okawaru.
             Slain by an orc warrior
             ... wielding a +0,+0 orcish battleaxe
              (7 damage)
             ... on Level 6 of the Dungeon.
             The game lasted 00:33:55 (7444 turns).

Chiseanne the Ducker (Merfolk Wanderer)             Turns: 7444, Time: 00:33:55

HP  -5/64        AC 18     Str 15      XL: 9   Next:  7%
MP   9/10        EV  8     Int 14      God: Okawaru [*.....]
Gold 94          SH  0     Dex 15      Spells:  0 memorised,  8 levels left

Res.Fire  : . . .   See Invis. : .   t - +6 falchion of Matzix {flame, +Rage Stlth+ Curse}
Res.Cold  : . . .   Warding    : .   b - +0 chain mail
Life Prot.: . . .   Conserve   : .   (no shield)
Res.Poison: .       Res.Corr.  : .   (no helmet)
Res.Elec. : .       Clarity    : .   q - +1 cloak (curse)
Sust.Abil.: . .     Spirit.Shd : .   c - +0 pair of elf gloves
Res.Mut.  : .       Stasis     : .   s - +2 pair of dwarf boots {Stlth+}
Res.Rott. : .       Flight     : .   (no amulet)
Saprovore : . . .                    (no ring)
                                     k - +2 ring of intelligence

@: about to teleport, heroism, slightly resistant to hostile enchantments,
fairly stealthy
A: change form in water, swift swim, Int +2
a: Heroism, Renounce Religion, Evoke Berserk Rage


You were on level 6 of the Dungeon.
You worshipped Okawaru.
Okawaru was aware of your devotion.
You were hungry.

You visited 1 branch of the dungeon, and saw 6 of its levels.

You collected 197 gold pieces.
You spent 153 gold pieces at shops.

Inventory:

Hand weapons
 a - a +2,+2 orcish falchion of holy wrath
 t - the +6,+6 falchion of Matzix (weapon) {flame, +Rage Stlth+ Curse}
   (You took it off a gnoll on level 4 of the Dungeon)

   It emits flame when wielded, causing extra injury to most foes and up to
   double damage against particularly susceptible opponents.
   Big, fiery blades are also staple armaments of hydra-hunters.
   It lets you go berserk.
   It may recurse itself.
   It makes you much more stealthy.
 u - a +0 blowgun
 w - a +0,+0 crossbow
Missiles
 d - 9 bolts
Armour
 b - a +0 chain mail (worn)
 c - a +0 pair of elven gloves (worn)
 q - a cursed +1 cloak (worn)
 s - a +2 pair of dwarven boots of stealth (worn)
Comestibles
 f - 4 bread rations
 g - an apple
 j - 2 meat rations
Scrolls
 e - 2 scrolls of remove curse
 i - 2 scrolls of magic mapping
 p - 2 scrolls of identify
 x - a scroll of amnesia
Jewellery
 k - a +2 ring of intelligence (left hand)
Potions
 l - a potion of restore abilities
 v - a potion of flight
Books
 n - a book of Beasts

   Spells                             Type                      Level
   Summon Butterflies                 Summoning                    1
   Sticks to Snakes                   Transmutation                2
   Call Canine Familiar               Summoning                    3
   Ice Form                           Ice/Transmutation            4
   Summon Ice Beast                   Ice/Summoning                4
   Summon Hydra                       Summoning                    7


   Skills:
 * Level 5.8(10.8) Fighting
 * Level 4.1(9.1) Long Blades
   Level 3.4(8.4) Polearms
 - Level 4.5(9.5) Crossbows
 * Level 4.3(9.3) Armour
 * Level 6.8(11.8) Dodging
 - Level 1.1(6.1) Stealth
 * Level 0.9 Invocations
 * Level 1.1 Evocations


You had 8 spell levels left.
You didn't know any spells.

Dungeon Overview and Level Annotations

Branches:
Dungeon (6/27)
 Temple: D:4-7          Orc: D:6-11

Altars:
Elyvilon
Okawaru
Trog
Vehumet
Xom
Yredelemnul
Zin
the Shining One

Shops:
D:4 /+**}


Innate Abilities, Weirdness & Mutations

You revert to your normal form in water.
You are very nimble and swift while swimming.
Your mind is acute. (Int +2)


Message History

Read which item? (? for menu, Esc to quit)
As you read the scroll of teleportation, it crumbles to dust.
You feel strangely unstable.
The orc priest becomes somewhat translucent.
You hit the orc priest. You burn the orc priest.
The orc priest is heavily wounded.
The orc warrior hits you but does no damage.
The orc priest barely misses you.
Your chain mail prevents you from hitting the orc priest.
The orc priest is heavily wounded.
The orc warrior hits you with an orcish battleaxe.
* * * LOW HITPOINT WARNING * * *
The orc priest hits you but does no damage.
You hit the orc priest. You burn the orc priest.
You kill the orc priest!
Okawaru accepts your kill.
You slash the orc warrior! You burn the orc warrior.
The orc warrior is heavily wounded.
The orc warrior hits you with an orcish battleaxe!
You die...

#.. #.......# #.. ...
#.. #...###.# #..
...##..#####...# #.# #..
...............# #.###..
................#
#.....>
.........#####..#
#.....# ...###...# #..#
#.###<# #...# #..# #.#
#.# #.o@# #..# #.# #.#
#..)# #..# #.# #.# #...#
#..# #.# #.# #...# #..#
#.# #.# #...# #.<# #.#
#.# .###...#####..###.#
#.#
.....♣♣♣..........###.#
.....♣♣♣♣♣..............
#♣♣...♣♣..###########


You could see an orc warrior.

Vanquished Creatures
  2 phantoms
  3 ogres
  A black bear (D:6)
  2 centaurs
  A giant frog (D:6)
  A water moccasin (D:6)
  The ghost of Chiseanne the Charlatan, a weakling DsAr (D:4)
  A wight (D:6)
  A gnoll shaman (D:4)
  3 orc priests
  A scorpion (D:6)
  2 orc wizards
  3 worker ants
  Ijyb (D:2)
  A hound skeleton (D:4)
  A mummy (D:6)
  34 gnolls (D:4)
  9 adders
  A giant mite (D:3)
  A worm (D:6)
  An adder skeleton (D:4)
  An ooze (D:3)
  11 orcs
  A ball python (D:3)
  14 hobgoblins
  18 jackals
  12 kobolds
  2 quokkas
  7 bats
  3 giant cockroaches
  3 giant geckos
  4 giant newts
  18 goblins
  A goblin skeleton (D:4)
  An orc skeleton (D:5)
  A quokka zombie (D:5)
  9 rats
  A rat zombie (D:6)
  A plant (D:2)
  2 toadstools (D:1)
181 creatures vanquished.

Vanquished Creatures (others)
  2 toadstools (D:1)
2 creatures vanquished.

Grand Total: 183 creatures vanquished

Notes
Turn   | Place    | Note
--------------------------------------------------------------
     0 | D:1      | Chiseanne, the Merfolk Wanderer, began the quest for the Orb.
     0 | D:1      | Reached XP level 1. HP: 14/14 MP: 1/1
   238 | D:1      | Reached XP level 2. HP: 15/20 MP: 2/2
   887 | D:2      | Noticed Ijyb
   908 | D:2      | Killed Ijyb
   908 | D:2      | Reached XP level 3. HP: 3/26 MP: 3/3
  1364 | D:2      | Reached skill level 4 in Fighting
  1448 | D:2      | Reached XP level 4. HP: 25/33 MP: 4/4
  2686 | D:3      | Reached XP level 5. HP: 38/38 MP: 5/5
  3063 | D:4      | Noticed an ogre
  3074 | D:4      | Killed an ogre
  3074 | D:4      | Reached XP level 6. HP: 23/45 MP: 7/7
  3429 | D:3      | Gained mutation: Your mind is acute. (Int +2) [potion of beneficial mutation]
  3595 | D:4      | Found Ghoecvot's Assorted Antiques.
  3608 | D:4      | Bought a murky brown potion for 23 gold pieces
  3608 | D:4      | Bought a scroll of identify for 52 gold pieces
  3608 | D:4      | Bought a white potion for 23 gold pieces
  3739 | D:4      | Found Nojudof's Gadget Shop.
  3994 | D:4      | Found Irel's General Store.
  4028 | D:4      | Bought a scroll of curse weapon for 22 gold pieces
  4028 | D:4      | Bought a potion of heal wounds for 33 gold pieces
  4281 | D:4      | Reached skill level 1 in Long Blades
  4451 | D:4      | Reached skill level 5 in Dodging
  4451 | D:4      | Reached XP level 7. HP: 40/51 MP: 8/8
  4514 | D:4      | Got a warped falchion
  4520 | D:4      | Identified the +6,+6 falchion of Matzix {flame, +Rage Stlth+ Curse} (You took it off a gnoll on level 4 of the Dungeon)
  4754 | D:4      | Noticed Chiseanne's ghost (weakling DsAr)
  4765 | D:4      | Killed Chiseanne's ghost
  4939 | D:4      | Noticed an ogre
  4961 | D:4      | Killed an ogre
  4961 | D:4      | Reached skill level 5 in Fighting
  5636 | D:4      | Reached XP level 8. HP: 55/58 MP: 9/9
  5685 | D:4      | Found Xyil's Book Shoppe.
  5691 | D:4      | Found Grix's Magical Wand Emporium.
  5760 | D:4      | Noticed a phantom
  5765 | D:4      | Found a bloodstained altar of Trog.
  5766 | D:4      | Found a basalt altar of Yredelemnul.
  5797 | D:4      | Killed a phantom
  5945 | D:5      | Entered Level 5 of the Dungeon
  5973 | D:5      | Found an iron altar of Okawaru.
  5981 | D:5      | Became a worshipper of Warmaster Okawaru
  6757 | D:6      | Found a shimmering altar of Xom.
  6771 | D:6      | Reached skill level 6 in Dodging
  6813 | D:6      | Found a radiant altar of Vehumet.
  6857 | D:6      | Acquired Okawaru's first power
  6987 | D:6      | Reached XP level 9. HP: 40/64 MP: 10/10
  7388 | D:6      | Found a glowing golden altar of the Shining One.
  7389 | D:6      | Found a glowing silver altar of Zin.
  7390 | D:6      | Found a white marble altar of Elyvilon.
  7442 | D:6      | HP: 2/64 [orc warrior/orcish battleaxe (3)]
  7444 | D:6      | Slain by an orc warrior

Action                   |  1- 3 |  4- 6 |  7- 9 || total
-------------------------+-------+-------+-------++-------
Melee: Spear             |    98 |   161 |       ||   259
       Falchion          |       |   107 |   200 ||   307
 Fire: Crossbow          |       |    65 |    70 ||   135
Throw: Dagger            |       |       |     2 ||     2
Invok: Heroism           |       |       |     1 ||     1
  Use: Potion            |     3 |     5 |     4 ||    12
       Scroll            |     6 |     9 |     3 ||    18
